 Seeded DCSS version 0.31-a0-234-gad7ace1 (webtiles) character file.

Game seed: 5439828349659289197 (custom seed)

207 brinewave the Trooper (level 5, -5/55 HPs)
             Began as an Ogre Wanderer on July 9, 2023.
             Killed from afar by an orc wizard (8 damage)
             ... with a puff of flame
             ... on level 3 of the Dungeon.
             The game lasted 00:09:45 (2450 turns).

brinewave the Trooper (Ogre Wanderer)               Turns: 2450, Time: 00:09:46

Health: -5/55      AC:  4    Str: 20    XL:     5   Next: 85%
Magic:  10/10      EV: 10    Int: 12    God:
Gold:   163        SH:  0    Dex:  7    Spells: 10/11 levels left

rFire   . . .        a - +0 war axe
rCold   . . .        (no shield)
rNeg    . . .        d - +0 robe
rPois   .            (helmet restricted)
rElec   .            b - +0 cloak
rCorr   .            (gloves unavailable)
SInv    .            (boots unavailable)
Will    .....        (no amulet)
Stlth   +            (no ring)
HPRegen 0.29/turn    (no ring)
MPRegen 0.12/turn

%: no passive effects
@: hasted, very quick
A: large, unfitting armour, tough skin 1
a: no special abilities


You were on level 3 of the Dungeon.
You visited 1 branch of the dungeon, and saw 3 of its levels.

You collected 163 gold pieces.

Inventory:

Hand Weapons
 a - a +0 war axe (weapon)
 n - a +2 vampiric short sword
Missiles
 h - 7 poisoned darts (quivered)
 i - 39 stones
Armour
 b - a +0 cloak (worn)
 d - a +0 robe (worn)
Scrolls
 c - a scroll of fog
 f - a scroll of enchant armour {unknown}
 j - a scroll of enchant weapon {unknown}
 k - a scroll of teleportation {unknown}
 m - a scroll of silence
Potions
 e - 2 potions of curing {unknown}


   Skills:
 + Level 4.4 Fighting
 + Level 4.3 Axes
 - Level 1.0 Throwing
 + Level 2.9 Dodging
 - Level 1.0 Stealth
 - Level 3.6 Spellcasting


You had 10 spell levels left.
You knew the following spells:

 Your Spells              Type           Power      Damage    Failure   Level
a - Magic Dart            Conj           8%         1d3       24%         1

Your spell library contained the following spells:

 Spells                   Type           Power      Damage    Failure   Level
 Call Canine Familiar     Summ           2%         N/A       56%         3
 Portal Projectile        Hex/Tloc       4%         N/A       56%         3
 Stone Arrow              Conj/Erth      4%         3d7       56%         3
 Leda's Liquefaction      Hex/Erth       1%         N/A       93%         4


Dungeon Overview and Level Annotations

Branches:
Dungeon (3/15)

Altars:
Kikubaaqudgha

Annotations:
D:3 1 runed translucent door, dontdoit's ghost, amateur OpTm


Innate Abilities, Weirdness & Mutations

You are too large for most types of armour.
You have tough skin. (AC +1)


Message History

You closely miss the orc. x2; The orc closely misses you.
The orc hits you with a +0 flail!
You closely miss the orc.
The orc is heavily wounded.
You hit the orc but do no damage. The orc misses you.
The orc barely misses you.
You hit the orc but do no damage.
The orc is heavily wounded.
You hit the orc. The orc hits you with a +0 morningstar!
The orc closely misses you. The orc attacks as you move away!
The orc hits you but does no damage.
You see here a +0 mace.
The orc attacks as you move away! The orc closely misses you.
The orc attacks as you move away! The orc hits you with a +0 morningstar.
The orc wizard gestures at you while chanting.
The magic dart hits you. The orc attacks as you move away!
The orc hits you with a +0 morningstar!
* * * LOW HITPOINT WARNING * * *
You closely miss the orc.
The orc is heavily wounded.
The orc hits you with a +0 morningstar.
* * * LOW HITPOINT WARNING * * *
The orc hits you with a +0 morningstar.
* * * LOW HITPOINT WARNING * * *
You feel yourself speed up. The orc barely misses you.
You see here a +0 dagger.
The orc hits you with a +0 morningstar.
* * * LOW HITPOINT WARNING * * *
You see here a +0 dagger.
You slash the orc!
You kill the orc!
You slash the goblin!
You kill the goblin!
You hit the orc.
You kill the orc!
Things that are here:
a +0 mace; a +0 chain mail The orc wizard points at you and mumbles some strange words.
The puff of flame hits you!
You die...

###+##.## ##......###.#
#.......# #...#..###.#
##...##.####
##..#....#.#
##)##)....###...##.#....
#...)o.....)......##...
####o..###.###.#..###..
#...# #.# #.#..# #..
###.###'###.#..# #..
#@###_'...##.. #..
##.###'###.##...#..
##..# #.# #.# #..
#...###.###.# #..
#.....#.....g...# ###
####....##.oo†###
#..#.#####.# #......#
#.# #.#...## #o#


You could see an orc wizard and an orc.

Vanquished Creatures
  2 orc priests (D:3)
  4 gnolls
  4 adders
  2 dart slugs
  6 orcs (D:3)
  6 bats
  5 endoplasms
  2 giant cockroaches (D:2)
  6 goblins
  5 hobgoblins
  3 quokkas
  5 ball pythons
  7 frilled lizards
  5 kobolds
  4 rats
66 creatures vanquished.

Notes
Turn   | Place    | Note
-------+----------+-------------------------------------------
     0 | D:1      | brinewave the Ogre Wanderer began the quest for the Orb.
     0 | D:1      | brinewave set off with the following items: a +0 war axe, a
                  | +0 cloak, a scroll of fog, a +0 robe; and the following
                  | spell memorised: Magic Dart; and the following spells
                  | available to memorise: Stone Arrow.
     0 | D:1      | Reached XP level 1. HP: 19/19 MP: 5/5
    88 | D:1      | Reached XP level 2. HP: 28/28 MP: 6/6
   318 | D:1      | Found a faded altar of an unknown god.
   756 | D:2      | Reached XP level 3. HP: 36/36 MP: 8/8
  1029 | D:2      | Reached XP level 4. HP: 45/45 MP: 9/9
  1845 | D:3      | Reached XP level 5. HP: 22/54 MP: 10/10
  2350 | D:3      | Found a runed translucent door.
  2350 | D:3      | Noticed dontdoit's ghost (amateur OpTm)
  2364 | D:3      | Found an ancient bone altar of Kikubaaqudgha.
  2443 | D:3      | HP: 2/55 [orc/+0 morningstar (6)]
  2450 | D:3      | Killed from afar by an orc wizard

Illustrated notes

Levels and vault maps discovered:
D:1:      ncdulo_lavacross, layout_loops_cross,
          hellmonk_ecumenical_altar_pennies_from_heaven, hangedman_decor_lopped,
          chequers_serial_rivers_small_a
D:2:      minmay_diamond_boxcup, layout_basic
D:3:      layout_rooms, lemuel_doored_altar, nicolae_tso_swordbearing_angel,
          gammafunk_ghost_grave

Skill      XL: |  1  2  3  4  5 |
---------------+----------------+-----
Fighting       | 2 3 4 |  4.4
Dodging        | 2 |  2.9
Axes           | 4 |  4.3
Throwing       | |  1.0
Stealth        | |  1.0
Spellcasting   | |  3.6

Action                     |  1- 3 |  4- 6 || total
---------------------------+-------+-------++-------
  Melee: War axe           |    91 |   126 ||   217
         Punch             |       |     1 ||     1
  Throw: Dart              |     1 |     4 ||     5
   Cast: Magic Dart        |     2 |       ||     2
    Use: Scroll            |       |     4 ||     4
         Potion            |       |     2 ||     2
   Stab: Sleeping          |     2 |       ||     2
 Armour: Robe              |    39 |    53 ||    92
  Dodge: Dodged            |    43 |    72 ||   115

Table legend: (Time is in decaauts)
 A = Elapsed time spent in this place.
 B = Non-inter-level travel time spent in this place.
 C = Inter-level travel time spent in this place.
 D = Time resting spent in this place.
 E = Time spent auto-exploring this place.
 F = Levels seen in this place.
 G = Mean time per level.
                   A        B        C        D        E       F      G
               +--------+--------+--------+--------+--------+-----+--------+
         Total |   2513 |   2451 |     62 |    489 |   1293 |   3 |  837.7 |
       Dungeon |   2513 |   2451 |     62 |    489 |   1293 |   3 |  837.7 |
               +--------+--------+--------+--------+--------+-----+--------+

Top non-repeatable levels by time:
     D:2: 962 daAuts
     D:3: 792 daAuts
     D:1: 758 daAuts
